Predators vs Stars

Created - September 27, 2015 at 10:55

Simulating a Pre-Season

Goals
1 2 3 T
Predators 0 1 2 3
Stars 0 1 0 1
Shots
1 2 3 T
Predators 15 12 9 36
Stars 7 17 3 27

1st period

No Goal

Penalties :
Derick Brassard (NSH) for Hooking (Minor) at 1:11, Zdeno Chara (DAL) for Hooking (Minor) at 5:25

2nd period

1. Predators , J.T. Miller 1 (Valtteri Filppula, Kevin Hayes) at 5:27
2. Stars , Nikita Kucherov 2 (Ryan Callahan, Zdeno Chara) at 9:54

Penalties :
Klas Dahlbeck (NSH) for Holding Stick (Minor) at 19:03

3rd period

3. Predators , Max Pacioretty 1 (Nicklas Backstrom, Jaden Schwartz) at 17:46
4. Predators , Nicklas Backstrom 1 (Anton Stralman) at 19:07

Penalties :
No Penalty

Goalie Stats

Carter Hutton (NSH), 26 saves from 27 shots - (0.963), W, 1-0-0, 60:00 minutes
Ben Bishop (DAL), 33 saves from 36 shots - (0.917), L, 2-2-0, 60:00 minutes

Players Stats for Predators

Player Name              G  A  P  +/- PIM S  H  SB GA TA FO     MP     PP MP  PK MP  
------------------------------------------------------------------------------------
Anton Stralman           0  1  1   1  0   1  1  1  0  0  0/0    17:55   0:00   0:00 
Artem Anisimov           0  0  0   0  0   6  0  0  0  0  0/2    21:42   1:00   0:51 
Cody Franson             0  0  0   1  0   0  4  1  0  0  0/0    24:58   0:59   2:43 
Derick Brassard          0  0  0   0  2   5  1  1  0  0  11/27  22:48   0:59   1:59 
J.T. Miller              1  0  1   0  0   1  0  0  0  0  5/14   11:48   0:00   0:00 
Jaden Schwartz           0  1  1   1  0   6  1  0  0  0  1/2    18:47   0:59   1:06 
Joe Colborne             0  0  0   0  0   0  2  0  0  0  0/0     6:09   0:00   0:02 
Jordie Benn              0  0  0   0  0   1  1  1  0  0  0/0    19:29   1:00   1:15 
Kevin Hayes              0  1  1   0  0   0  0  0  0  0  1/1    11:48   0:00   0:00 
Klas Dahlbeck            0  0  0   0  2   0  1  1  0  0  0/0    18:25   0:00   0:00 
Max Pacioretty           1  0  1   2  0   6  3  1  0  0  2/3    18:08   1:00   0:51 
Nicklas Backstrom        1  1  2   2  0   4  1  1  0  0  19/28  23:24   1:00   0:00 
Oscar Klefbom            0  0  0   1  0   0  0  3  0  0  0/0    20:25   0:00   2:43 
Patrik Berglund          0  0  0   0  0   2  0  0  0  0  0/0     6:07   0:00   0:00 
T.J. Oshie               0  0  0   0  0   2  2  0  0  0  0/2    20:51   1:00   0:00 
Valtteri Filppula        0  1  1   1  0   2  0  0  0  0  1/5    16:02   0:59   3:07 
Vladislav Namestnikov    0  0  0   0  0   0  0  0  0  0  0/0     0:00   0:00   0:00 
Zbynek Michalek          0  0  0   1  0   0  1  2  0  0  0/0    17:14   0:59   1:15 

Players Stats for Stars

Player Name              G  A  P  +/- PIM S  H  SB GA TA FO     MP     PP MP  PK MP  
------------------------------------------------------------------------------------
Anthony Duclair          0  0  0   0  0   1  0  0  0  0  0/0    12:25   1:31   0:00 
Brad Malone              0  0  0  -1  0   0  1  0  0  0  1/1     6:33   0:00   0:50 
Brandon Manning          0  0  0  -2  0   2  1  0  0  0  0/0    20:20   0:00   0:29 
Bryan Bickell            0  0  0   0  0   0  2  0  0  0  0/0    10:54   0:00   0:00 
Clayton Stoner           0  0  0   0  0   2  2  0  0  0  0/0    14:54   0:08   0:46 
David Backes             0  0  0   0  0   4  3  0  0  0  16/23  20:33   1:31   0:28 
Eric Nystrom             0  0  0  -1  0   3  0  0  0  0  0/0     5:43   0:00   0:00 
Eric Staal               0  0  0  -1  0   1  0  0  0  0  9/26   22:37   2:27   1:18 
Evgeni Malkin            0  0  0  -1  0   3  1  0  0  0  1/2    22:00   2:27   0:41 
Jarret Stoll             0  0  0  -1  0   2  0  0  0  0  3/5     5:43   0:00   0:00 
John Mitchell            0  0  0   0  0   0  0  0  0  0  9/18   10:54   0:00   0:00 
Mark Stuart              0  0  0   0  0   0  2  7  0  0  0/0    23:05   1:51   1:02 
Nikita Kucherov          1  0  1   0  0   3  0  0  0  0  1/2    20:05   1:31   0:00 
Olli Maatta              0  0  0  -1  0   0  0  3  0  0  0/0    21:29   2:07   1:13 
Ryan Callahan            0  1  1   0  0   2  1  0  0  0  2/3    20:41   2:07   0:00 
Tyler Seguin             0  0  0  -1  0   1  2  0  0  0  2/4    22:00   2:27   0:41 
Vyacheslav Voynov        0  0  0   0  0   2  0  2  0  0  0/0    14:28   0:00   0:28 
Zdeno Chara              0  1  1  -1  2   1  2  2  0  0  0/0    23:36   1:43   0:00 

3 Stars

1 - Nicklas Backstrom (NSH)
2 - Max Pacioretty (NSH)
3 - Carter Hutton (NSH)

Power Play

Predators - 0 on 1 Attempt(s) - 0.00%
Stars - 0 on 2 Attempt(s) - 0.00%

Penalty Kill

Predators - 2 on 2 Attempt(s) - 100.00% - Score 0 goal in Penalty Kill
Stars - 1 on 1 Attempt(s) - 100.00% - Score 0 goal in Penalty Kill

Team Stat

Predators - Hits : 18 - Faceoff Wins : 40 - Blocked Shots : 12 - Penalty Minutes : 4
Stars - Hits : 17 - Faceoff Wins : 44 - Blocked Shots : 14 - Penalty Minutes : 2

Official

Referees : Jon Mclsaac and Ian Walsh
Linesman : Pierre Champoux and Andy McElman

Game Notes

No Game Note

% Time on Ice - Predators

Lines # - Real PCT - Wanted PCT - Time Play
Normal Forward
1 - 30% - 36% - 16:09
2 - 37% - 34% - 19:51
3 - 22% - 20% - 11:48
4 - 11% - 10% - 6:07
Normal Defense
1 - 33% - 33% - 17:42
2 - 33% - 32% - 17:47
3 - 26% - 25% - 14:04
4 - 8% - 10% - 4:22
PP Forward
1 - 50% - 64% - 1:00
2 - 50% - 36% - 0:59
PP Defense
1 - 50% - 60% - 0:59
2 - 50% - 40% - 1:00
PK Forward
1 - 79% - 60% - 3:07
2 - 21% - 40% - 0:51
PK Defense
1 - 32% - 60% - 1:15
2 - 68% - 40% - 2:43
PK3 Forward
1 - 0% - 60%
2 - 0% - 40%
PK3 Defense
1 - 0% - 60%
2 - 0% - 40%
44 Forward
1 - 0% - 60%
2 - 0% - 40%
44 Defense
1 - 0% - 60%
2 - 0% - 40%
Last Minute Offensive  - 0:00
Last Minute Defensive  - 0:08
Total
Forward - 60:00
Defense - 60:00

% Time on Ice - Stars

Lines # - Real PCT - Wanted PCT - Time Play
Normal Forward
1 - 35% - 35% - 18:44
2 - 34% - 35% - 18:34
3 - 20% - 20% - 10:54
4 - 11% - 10% - 5:43
Normal Defense
1 - 37% - 40% - 19:43
2 - 34% - 35% - 18:09
3 - 26% - 15% - 14:00
4 - 4% - 10% - 2:03
PP Forward
1 - 62% - 55% - 2:27
2 - 38% - 45% - 1:31
PP Defense
1 - 47% - 60% - 1:51
2 - 53% - 40% - 2:07
PK Forward
1 - 66% - 60% - 1:18
2 - 34% - 40% - 0:41
PK Defense
1 - 48% - 60% - 0:57
2 - 52% - 40% - 1:02
PK3 Forward
1 - 0% - 60%
2 - 0% - 40%
PK3 Defense
1 - 0% - 60%
2 - 0% - 40%
44 Forward
1 - 0% - 55%
2 - 0% - 45%
44 Defense
1 - 0% - 60%
2 - 0% - 40%
Last Minute Offensive  - 0:08
Last Minute Defensive  - 0:00
Total
Forward - 60:00
Defense - 60:00

Play by Play

1st period


0:01 of 1st period - Nicklas Backstrom wins face-off versus Eric Staal in neutral zone.
0:20 of 1st period - Shot by Eric Staal.
0:20 of 1st period - Deflect By Tyler Seguin.
0:20 of 1st period - Shot Misses the Net.
0:35 of 1st period - Eric Staal is hit by Max Pacioretty and loses puck.
1:11 of 1st period - Minor Penalty to Derick Brassard for Hooking.
1:12 of 1st period - David Backes wins face-off versus Valtteri Filppula in Predators zone.
1:27 of 1st period - Shot by Nikita Kucherov.
1:27 of 1st period - Shot Blocked by Jordie Benn.
1:29 of 1st period - Shot by Anthony Duclair.
1:29 of 1st period - Shot Misses the Net.
1:31 of 1st period - Shot by David Backes.
1:31 of 1st period - Shot Misses the Net.
1:51 of 1st period - Shot by David Backes.
1:51 of 1st period - Shot Misses the Net.
2:46 of 1st period - Shot by Nikita Kucherov.
2:46 of 1st period - Shot Hit the Post.
2:48 of 1st period - Shot by Clayton Stoner.
2:48 of 1st period - Stopped by Carter Hutton without a rebound.
2:49 of 1st period - David Backes wins face-off versus Valtteri Filppula in Predators zone.
2:54 of 1st period - Shot by David Backes.
2:54 of 1st period - Shot Hit the Post.
2:56 of 1st period - Shot by David Backes.
2:56 of 1st period - Stopped by Carter Hutton without a rebound.
2:57 of 1st period - Eric Staal wins face-off versus Valtteri Filppula in Predators zone.
3:36 of 1st period - Shot by Nicklas Backstrom.
3:36 of 1st period - Stopped by Ben Bishop without a rebound.
3:37 of 1st period - David Backes wins face-off versus Derick Brassard in Stars zone.
3:37 of 1st period - David Backes is hit by Derick Brassard.
3:45 of 1st period - Icing by Anton Stralman.
3:46 of 1st period - John Mitchell wins face-off versus Derick Brassard in Predators zone.
3:54 of 1st period - Anton Stralman is hit by Bryan Bickell and loses puck.
3:59 of 1st period - Shot by Artem Anisimov.
3:59 of 1st period - Stopped by Ben Bishop without a rebound.
4:00 of 1st period - J.T. Miller wins face-off versus Nikita Kucherov in Stars zone.
4:00 of 1st period - Oscar Klefbom is hit by Zdeno Chara and loses puck.
4:05 of 1st period - Shot by Valtteri Filppula.
4:05 of 1st period - Shot Misses the Net.
4:17 of 1st period - J.T. Miller is hit by David Backes and loses puck.
4:35 of 1st period - Zdeno Chara is hit by Cody Franson and loses puck.
5:25 of 1st period - Minor Penalty to Zdeno Chara for Hooking.
5:26 of 1st period - Brad Malone wins face-off versus Nicklas Backstrom in Stars zone.
5:51 of 1st period - Shot by T.J. Oshie.
5:51 of 1st period - Stopped by Ben Bishop without a rebound.
5:52 of 1st period - Evgeni Malkin wins face-off versus Jaden Schwartz in Stars zone.
5:52 of 1st period - Evgeni Malkin is hit by Jaden Schwartz.
7:13 of 1st period - Shot by Artem Anisimov.
7:13 of 1st period - Stopped by Ben Bishop without a rebound.
7:14 of 1st period - Jaden Schwartz wins face-off versus Evgeni Malkin in Stars zone.
7:25 of 1st period - Shot by Derick Brassard.
7:25 of 1st period - Stopped by Ben Bishop with a rebound.
7:27 of 1st period - Shot by Anton Stralman.
7:27 of 1st period - Shot Blocked by Mark Stuart.
7:29 of 1st period - Shot by Patrik Berglund.
7:29 of 1st period - Shot Blocked by Zdeno Chara.
7:31 of 1st period - Shot by Anton Stralman.
7:31 of 1st period - Shot Blocked by Mark Stuart.
7:33 of 1st period - Shot by Jordie Benn.
7:33 of 1st period - Shot Misses the Net.
7:35 of 1st period - Shot by Jordie Benn.
7:35 of 1st period - Stopped by Ben Bishop with a rebound.
7:37 of 1st period - Shot by Anton Stralman.
7:37 of 1st period - Stopped by Ben Bishop with a rebound.
7:39 of 1st period - Shot by Nicklas Backstrom.
7:39 of 1st period - Deflect By Patrik Berglund.
7:39 of 1st period - Stopped by Ben Bishop without a rebound.
7:40 of 1st period - Jarret Stoll wins face-off versus J.T. Miller in Stars zone.
8:00 of 1st period - Shot by Valtteri Filppula.
8:00 of 1st period - Stopped by Ben Bishop without a rebound.
8:01 of 1st period - Nicklas Backstrom wins face-off versus Eric Staal in Stars zone.
8:10 of 1st period - Shot by Tyler Seguin.
8:10 of 1st period - Stopped by Carter Hutton without a rebound.
8:11 of 1st period - Nicklas Backstrom wins face-off versus David Backes in Predators zone.
8:45 of 1st period - Shot by Nikita Kucherov.
8:45 of 1st period - Shot Misses the Net.
8:47 of 1st period - Shot by Ryan Callahan.
8:47 of 1st period - Stopped by Carter Hutton with a rebound.
8:49 of 1st period - Shot by David Backes.
8:49 of 1st period - Shot Blocked by Zbynek Michalek.
8:51 of 1st period - Shot by David Backes.
8:51 of 1st period - Shot Blocked by Klas Dahlbeck.
9:19 of 1st period - Shot by Artem Anisimov.
9:19 of 1st period - Shot Misses the Net.
11:02 of 1st period - Vyacheslav Voynov is hit by Max Pacioretty and loses puck.
11:09 of 1st period - Shot by Max Pacioretty.
11:09 of 1st period - Stopped by Ben Bishop without a rebound.
11:10 of 1st period - Derick Brassard wins face-off versus Jarret Stoll in Stars zone.
11:25 of 1st period - Shot by Derick Brassard.
11:25 of 1st period - Deflect By T.J. Oshie.
11:25 of 1st period - Shot Misses the Net.
11:37 of 1st period - Shot by Derick Brassard.
11:37 of 1st period - Stopped by Ben Bishop without a rebound.
11:38 of 1st period - Nicklas Backstrom wins face-off versus Eric Staal in Stars zone.
12:09 of 1st period - Shot by Max Pacioretty.
12:09 of 1st period - Stopped by Ben Bishop without a rebound.
12:10 of 1st period - Derick Brassard wins face-off versus John Mitchell in Stars zone.
12:37 of 1st period - Shot by T.J. Oshie.
12:37 of 1st period - Deflect By Derick Brassard.
12:37 of 1st period - Shot Blocked by Mark Stuart.
12:39 of 1st period - Shot by Artem Anisimov.
12:39 of 1st period - Shot Misses the Net.
12:41 of 1st period - Shot by T.J. Oshie.
12:41 of 1st period - Shot Misses the Net.
13:02 of 1st period - Off-side.
13:03 of 1st period - Eric Staal wins face-off versus Nicklas Backstrom in neutral zone.
13:08 of 1st period - Shot by Evgeni Malkin.
13:08 of 1st period - Stopped by Carter Hutton with a rebound.
14:38 of 1st period - Shot by Nikita Kucherov.
14:38 of 1st period - Deflect By Ryan Callahan.
14:38 of 1st period - Shot Blocked by Derick Brassard.
15:10 of 1st period - Shot by Artem Anisimov.
15:10 of 1st period - Deflect By T.J. Oshie.
15:10 of 1st period - Shot Hit the Post.
15:30 of 1st period - Clayton Stoner is hit by Joe Colborne and loses puck.
15:52 of 1st period - Patrik Berglund is hit by Clayton Stoner and loses puck.
16:02 of 1st period - Icing by Clayton Stoner.
16:03 of 1st period - Kevin Hayes wins face-off versus David Backes in Stars zone.
16:32 of 1st period - Shot by Valtteri Filppula.
16:32 of 1st period - Shot Blocked by Vyacheslav Voynov.
16:34 of 1st period - Shot by Valtteri Filppula.
16:34 of 1st period - Shot Blocked by Vyacheslav Voynov.
16:36 of 1st period - Shot by Valtteri Filppula.
16:36 of 1st period - Stopped by Ben Bishop without a rebound.
16:37 of 1st period - Derick Brassard wins face-off versus Eric Staal in Stars zone.
17:00 of 1st period - Off-side.
17:01 of 1st period - Nicklas Backstrom wins face-off versus John Mitchell in neutral zone.
17:04 of 1st period - Shot by Max Pacioretty.
17:04 of 1st period - Shot Misses the Net.
17:09 of 1st period - Zdeno Chara is hit by Nicklas Backstrom and loses puck.
17:28 of 1st period - Shot by Brandon Manning.
17:28 of 1st period - Stopped by Carter Hutton with a rebound.
17:30 of 1st period - Shot by John Mitchell.
17:30 of 1st period - Deflect By Anthony Duclair.
17:30 of 1st period - The goal is going for a video replay.
17:30 of 1st period - The goal is refused.
17:31 of 1st period - Eric Staal wins face-off versus Derick Brassard in Predators zone.
17:37 of 1st period - Evgeni Malkin is hit by Anton Stralman and loses puck.
18:04 of 1st period - Shot by Artem Anisimov.
18:04 of 1st period - Deflect By T.J. Oshie.
18:04 of 1st period - Stopped by Ben Bishop without a rebound.
18:05 of 1st period - Nicklas Backstrom wins face-off versus John Mitchell in Stars zone.
18:22 of 1st period - Shot by Nicklas Backstrom.
18:22 of 1st period - Shot Misses the Net.
18:24 of 1st period - Shot by Max Pacioretty.
18:24 of 1st period - Stopped by Ben Bishop without a rebound.
18:25 of 1st period - Jarret Stoll wins face-off versus J.T. Miller in Stars zone.
19:42 of 1st period - Shot by Evgeni Malkin.
19:42 of 1st period - Shot Blocked by Max Pacioretty.
19:45 of 1st period - Icing by Oscar Klefbom.
19:46 of 1st period - Tyler Seguin wins face-off versus Nicklas Backstrom in Predators zone.
19:54 of 1st period - Off-side.
19:55 of 1st period - Derick Brassard wins face-off versus Eric Staal in neutral zone.
19:55 of 1st period - Derick Brassard is hit by Tyler Seguin.
Goals for this period are 0 for Predators vs 0 for Stars.
Shots for this period are 15 for Predators vs 7 for Stars.

2nd period


0:01 of 2nd period - Nicklas Backstrom wins face-off versus Eric Staal in neutral zone.
0:14 of 2nd period - Shot by Jaden Schwartz.
0:14 of 2nd period - Stopped by Ben Bishop with a rebound.
0:16 of 2nd period - Shot by Nicklas Backstrom.
0:16 of 2nd period - Stopped by Ben Bishop without a rebound.
0:17 of 2nd period - David Backes wins face-off versus Derick Brassard in Stars zone.
0:43 of 2nd period - Icing by Anton Stralman.
0:44 of 2nd period - Derick Brassard wins face-off versus Eric Staal in Predators zone.
1:27 of 2nd period - Shot by Max Pacioretty.
1:27 of 2nd period - Shot Blocked by Olli Maatta.
1:29 of 2nd period - Shot by Jaden Schwartz.
1:29 of 2nd period - Shot Misses the Net.
1:33 of 2nd period - Shot by Max Pacioretty.
1:33 of 2nd period - Stopped by Ben Bishop without a rebound.
1:34 of 2nd period - J.T. Miller wins face-off versus Ryan Callahan in Stars zone.
1:48 of 2nd period - Icing by Zdeno Chara.
1:49 of 2nd period - David Backes wins face-off versus Nicklas Backstrom in Stars zone.
2:20 of 2nd period - Shot by Jaden Schwartz.
2:20 of 2nd period - Deflect By Max Pacioretty.
2:20 of 2nd period - Stopped by Ben Bishop without a rebound.
2:21 of 2nd period - John Mitchell wins face-off versus Derick Brassard in Stars zone.
3:04 of 2nd period - Icing by Mark Stuart.
3:05 of 2nd period - John Mitchell wins face-off versus Nicklas Backstrom in Stars zone.
3:31 of 2nd period - Jaden Schwartz is hit by Zdeno Chara and loses puck.
3:58 of 2nd period - Shot by Eric Staal.
3:58 of 2nd period - Deflect By Tyler Seguin.
3:58 of 2nd period - Shot Misses the Net.
4:20 of 2nd period - Icing by Vyacheslav Voynov.
4:21 of 2nd period - Derick Brassard wins face-off versus David Backes in Stars zone.
4:22 of 2nd period - Shot by T.J. Oshie.
4:22 of 2nd period - Shot Misses the Net.
4:24 of 2nd period - Shot by Artem Anisimov.
4:24 of 2nd period - Stopped by Ben Bishop without a rebound.
4:25 of 2nd period - Ryan Callahan wins face-off versus T.J. Oshie in Stars zone.
5:02 of 2nd period - Shot by Nikita Kucherov.
5:02 of 2nd period - Stopped by Carter Hutton with a rebound.
5:27 of 2nd period - Shot by J.T. Miller.
5:27 of 2nd period - Goal by J.T. Miller - Predators : 1 - Stars : 0.
5:28 of 2nd period - Nicklas Backstrom wins face-off versus Eric Staal in neutral zone.
5:31 of 2nd period - Zdeno Chara is hit by Joe Colborne and loses puck.
6:39 of 2nd period - Icing by Clayton Stoner.
6:40 of 2nd period - Derick Brassard wins face-off versus John Mitchell in Stars zone.
7:13 of 2nd period - Shot by Artem Anisimov.
7:13 of 2nd period - Stopped by Ben Bishop without a rebound.
7:14 of 2nd period - David Backes wins face-off versus J.T. Miller in Stars zone.
7:31 of 2nd period - Shot by Ryan Callahan.
7:31 of 2nd period - Shot Misses the Net.
7:33 of 2nd period - Shot by David Backes.
7:33 of 2nd period - Stopped by Carter Hutton without a rebound.
7:34 of 2nd period - Nicklas Backstrom wins face-off versus Eric Staal in Predators zone.
8:11 of 2nd period - Shot by Eric Staal.
8:11 of 2nd period - Deflect By Evgeni Malkin.
8:11 of 2nd period - Stopped by Carter Hutton without a rebound.
8:12 of 2nd period - Ryan Callahan wins face-off versus T.J. Oshie in Predators zone.
8:24 of 2nd period - Icing by Anton Stralman.
8:25 of 2nd period - John Mitchell wins face-off versus Artem Anisimov in Predators zone.
9:12 of 2nd period - Icing by Clayton Stoner.
9:13 of 2nd period - Nicklas Backstrom wins face-off versus John Mitchell in Stars zone.
9:34 of 2nd period - Shot by Jaden Schwartz.
9:34 of 2nd period - Stopped by Ben Bishop without a rebound.
9:35 of 2nd period - J.T. Miller wins face-off versus David Backes in Stars zone.
9:42 of 2nd period - Shot by Valtteri Filppula.
9:42 of 2nd period - Shot Misses the Net.
9:52 of 2nd period - Shot by Ryan Callahan.
9:52 of 2nd period - Shot Misses the Net.
9:54 of 2nd period - Shot by Nikita Kucherov.
9:54 of 2nd period - Goal by Nikita Kucherov - Predators : 1 - Stars : 1.
9:55 of 2nd period - Eric Staal wins face-off versus Nicklas Backstrom in neutral zone.
9:58 of 2nd period - Cody Franson is hit by Evgeni Malkin and loses puck.
10:10 of 2nd period - Evgeni Malkin is hit by Cody Franson.
10:15 of 2nd period - Eric Staal is hit by Cody Franson.
10:17 of 2nd period - Shot by Tyler Seguin.
10:17 of 2nd period - Shot Blocked by Nicklas Backstrom.
10:27 of 2nd period - Shot by Evgeni Malkin.
10:27 of 2nd period - Stopped by Carter Hutton without a rebound.
10:28 of 2nd period - David Backes wins face-off versus Derick Brassard in Predators zone.
10:28 of 2nd period - Olli Maatta is hit by Klas Dahlbeck and loses puck.
11:42 of 2nd period - Shot by Jaden Schwartz.
11:42 of 2nd period - Shot Misses the Net.
11:44 of 2nd period - Shot by Jaden Schwartz.
11:44 of 2nd period - The goal is going for a video replay.
11:44 of 2nd period - The goal is refused.
11:45 of 2nd period - J.T. Miller wins face-off versus Eric Staal in Stars zone.
12:45 of 2nd period - Shot by Jarret Stoll.
12:45 of 2nd period - Stopped by Carter Hutton with a rebound.
12:47 of 2nd period - Shot by Eric Nystrom.
12:47 of 2nd period - Stopped by Carter Hutton with a rebound.
12:51 of 2nd period - Shot by Eric Nystrom.
12:51 of 2nd period - Stopped by Carter Hutton without a rebound.
12:52 of 2nd period - Nicklas Backstrom wins face-off versus John Mitchell in Predators zone.
13:24 of 2nd period - Shot by Anthony Duclair.
13:24 of 2nd period - Shot Misses the Net.
13:26 of 2nd period - Shot by Vyacheslav Voynov.
13:26 of 2nd period - Stopped by Carter Hutton without a rebound.
13:27 of 2nd period - Jarret Stoll wins face-off versus Derick Brassard in Predators zone.
13:39 of 2nd period - Olli Maatta is hit by Jordie Benn and loses puck.
13:50 of 2nd period - Shot by Eric Nystrom.
13:50 of 2nd period - Shot Misses the Net.
13:52 of 2nd period - Shot by Jarret Stoll.
13:52 of 2nd period - Stopped by Carter Hutton without a rebound.
13:53 of 2nd period - Nicklas Backstrom wins face-off versus Eric Staal in Predators zone.
13:53 of 2nd period - Zbynek Michalek is hit by Tyler Seguin and loses puck.
14:04 of 2nd period - Shot by Patrik Berglund.
14:04 of 2nd period - Stopped by Ben Bishop without a rebound.
14:05 of 2nd period - David Backes wins face-off versus J.T. Miller in Stars zone.
14:14 of 2nd period - Shot by Ryan Callahan.
14:14 of 2nd period - Shot Misses the Net.
14:16 of 2nd period - Shot by Zdeno Chara.
14:16 of 2nd period - Shot Blocked by Oscar Klefbom.
14:22 of 2nd period - Shot by Nikita Kucherov.
14:22 of 2nd period - Stopped by Carter Hutton without a rebound.
14:23 of 2nd period - Nicklas Backstrom wins face-off versus Eric Staal in Predators zone.
15:33 of 2nd period - Shot by T.J. Oshie.
15:33 of 2nd period - Deflect By Derick Brassard.
15:33 of 2nd period - Shot Blocked by Mark Stuart.
15:39 of 2nd period - Shot by Derick Brassard.
15:39 of 2nd period - Stopped by Ben Bishop without a rebound.
15:40 of 2nd period - Nikita Kucherov wins face-off versus J.T. Miller in Stars zone.
15:51 of 2nd period - Shot by Nikita Kucherov.
15:51 of 2nd period - Shot Misses the Net.
15:53 of 2nd period - Shot by David Backes.
15:53 of 2nd period - Stopped by Carter Hutton without a rebound.
15:54 of 2nd period - John Mitchell wins face-off versus Derick Brassard in Predators zone.
15:59 of 2nd period - Shot by Anthony Duclair.
15:59 of 2nd period - Shot Misses the Net.
16:12 of 2nd period - Icing by Zbynek Michalek.
16:13 of 2nd period - David Backes wins face-off versus Derick Brassard in Predators zone.
16:13 of 2nd period - Nikita Kucherov is hit by Zbynek Michalek and loses puck.
16:27 of 2nd period - T.J. Oshie is hit by Brandon Manning and loses puck.
16:32 of 2nd period - Shot by Derick Brassard.
16:32 of 2nd period - Shot Misses the Net.
16:34 of 2nd period - Shot by Artem Anisimov.
16:34 of 2nd period - Stopped by Ben Bishop without a rebound.
16:35 of 2nd period - Nicklas Backstrom wins face-off versus Jarret Stoll in Stars zone.
16:44 of 2nd period - Shot by Nicklas Backstrom.
16:44 of 2nd period - Shot Misses the Net.
17:06 of 2nd period - Shot by Clayton Stoner.
17:06 of 2nd period - Shot Misses the Net.
17:12 of 2nd period - Shot by Eric Nystrom.
17:12 of 2nd period - Stopped by Carter Hutton without a rebound.
17:13 of 2nd period - David Backes wins face-off versus Artem Anisimov in Predators zone.
17:16 of 2nd period - Shot by Ryan Callahan.
17:16 of 2nd period - Stopped by Carter Hutton without a rebound.
17:17 of 2nd period - Derick Brassard wins face-off versus David Backes in Predators zone.
17:54 of 2nd period - Jordie Benn is hit by David Backes and loses puck.
18:29 of 2nd period - Shot by Evgeni Malkin.
18:29 of 2nd period - Shot Blocked by Oscar Klefbom.
18:33 of 2nd period - Shot by Evgeni Malkin.
18:33 of 2nd period - Shot Misses the Net.
18:37 of 2nd period - Shot by Eric Staal.
18:37 of 2nd period - Stopped by Carter Hutton without a rebound.
18:38 of 2nd period - John Mitchell wins face-off versus J.T. Miller in Predators zone.
18:57 of 2nd period - Shot by Brandon Manning.
18:57 of 2nd period - Stopped by Carter Hutton with a rebound.
18:59 of 2nd period - Shot by Zdeno Chara.
18:59 of 2nd period - Shot Misses the Net.
19:03 of 2nd period - Shot by Zdeno Chara.
19:03 of 2nd period - Stopped by Carter Hutton without a rebound.
19:03 of 2nd period - Minor Penalty to Klas Dahlbeck for Holding Stick.
19:04 of 2nd period - Tyler Seguin wins face-off versus Valtteri Filppula in Predators zone.
19:04 of 2nd period - Tyler Seguin is hit by Cody Franson.
Goals for this period are 1 for Predators vs 1 for Stars.
Shots for this period are 12 for Predators vs 17 for Stars.

3rd period


0:01 of 3rd period - Valtteri Filppula wins face-off versus Eric Staal in neutral zone.
0:33 of 3rd period - Shot by Evgeni Malkin.
0:33 of 3rd period - Shot Hit the Post.
0:40 of 3rd period - Shot by Zdeno Chara.
0:40 of 3rd period - Shot Blocked by Oscar Klefbom.
1:17 of 3rd period - Nicklas Backstrom is hit by Clayton Stoner and loses puck.
1:28 of 3rd period - Shot by Jarret Stoll.
1:28 of 3rd period - Shot Blocked by Zbynek Michalek.
1:32 of 3rd period - Shot by Eric Nystrom.
1:32 of 3rd period - Deflect By Brad Malone.
1:32 of 3rd period - Shot Misses the Net.
1:34 of 3rd period - Shot by Vyacheslav Voynov.
1:34 of 3rd period - Stopped by Carter Hutton with a rebound.
1:42 of 3rd period - Shot by Nicklas Backstrom.
1:42 of 3rd period - Deflect By Patrik Berglund.
1:42 of 3rd period - Shot Misses the Net.
2:04 of 3rd period - Klas Dahlbeck is hit by David Backes and loses puck.
2:17 of 3rd period - Icing by David Backes.
2:18 of 3rd period - David Backes wins face-off versus Derick Brassard in Stars zone.
2:29 of 3rd period - Icing by Anton Stralman.
2:30 of 3rd period - Eric Staal wins face-off versus Derick Brassard in Predators zone.
2:38 of 3rd period - Derick Brassard is hit by Mark Stuart and loses puck.
2:51 of 3rd period - Shot by T.J. Oshie.
2:51 of 3rd period - Shot Blocked by Olli Maatta.
2:53 of 3rd period - Shot by Derick Brassard.
2:53 of 3rd period - Shot Misses the Net.
3:03 of 3rd period - Shot by Derick Brassard.
3:03 of 3rd period - Stopped by Ben Bishop without a rebound.
3:04 of 3rd period - David Backes wins face-off versus J.T. Miller in Stars zone.
3:20 of 3rd period - Off-side.
3:21 of 3rd period - Nicklas Backstrom wins face-off versus John Mitchell in neutral zone.
3:39 of 3rd period - Shot by Jaden Schwartz.
3:39 of 3rd period - Stopped by Ben Bishop without a rebound.
3:40 of 3rd period - Eric Staal wins face-off versus J.T. Miller in Stars zone.
4:19 of 3rd period - Icing by Mark Stuart.
4:20 of 3rd period - Max Pacioretty wins face-off versus Eric Staal in Stars zone.
4:29 of 3rd period - Shot by Eric Staal.
4:29 of 3rd period - Shot Blocked by Anton Stralman.
4:46 of 3rd period - Icing by Olli Maatta.
4:47 of 3rd period - Eric Staal wins face-off versus Derick Brassard in Stars zone.
4:53 of 3rd period - Off-side.
4:54 of 3rd period - David Backes wins face-off versus Derick Brassard in neutral zone.
5:05 of 3rd period - Shot by Nikita Kucherov.
5:05 of 3rd period - Shot Misses the Net.
5:17 of 3rd period - Shot by David Backes.
5:17 of 3rd period - Stopped by Carter Hutton without a rebound.
5:18 of 3rd period - Nicklas Backstrom wins face-off versus John Mitchell in Predators zone.
5:29 of 3rd period - Shot by Jaden Schwartz.
5:29 of 3rd period - Stopped by Ben Bishop without a rebound.
5:30 of 3rd period - David Backes wins face-off versus Derick Brassard in Stars zone.
5:30 of 3rd period - David Backes is hit by T.J. Oshie.
5:53 of 3rd period - Shot by T.J. Oshie.
5:53 of 3rd period - Shot Blocked by Zdeno Chara.
5:57 of 3rd period - Shot by Derick Brassard.
5:57 of 3rd period - Shot Misses the Net.
5:59 of 3rd period - Shot by Artem Anisimov.
5:59 of 3rd period - Stopped by Ben Bishop without a rebound.
6:00 of 3rd period - Eric Staal wins face-off versus Max Pacioretty in Stars zone.
6:00 of 3rd period - Eric Staal is hit by Max Pacioretty.
7:07 of 3rd period - Shot by David Backes.
7:07 of 3rd period - Shot Misses the Net.
7:29 of 3rd period - Shot by David Backes.
7:29 of 3rd period - Shot Misses the Net.
7:39 of 3rd period - Shot by Ryan Callahan.
7:39 of 3rd period - Shot Blocked by Cody Franson.
7:52 of 3rd period - Icing by T.J. Oshie.
7:53 of 3rd period - John Mitchell wins face-off versus Derick Brassard in Predators zone.
8:18 of 3rd period - T.J. Oshie is hit by Bryan Bickell.
8:28 of 3rd period - Shot by Clayton Stoner.
8:28 of 3rd period - Stopped by Carter Hutton with a rebound.
9:34 of 3rd period - Anton Stralman is hit by Ryan Callahan and loses puck.
10:17 of 3rd period - Shot by Kevin Hayes.
10:17 of 3rd period - Shot Misses the Net.
10:31 of 3rd period - Shot by J.T. Miller.
10:31 of 3rd period - Deflect By Valtteri Filppula.
10:31 of 3rd period - Shot Blocked by Mark Stuart.
12:03 of 3rd period - Off-side.
12:04 of 3rd period - Derick Brassard wins face-off versus David Backes in neutral zone.
12:51 of 3rd period - Icing by Clayton Stoner.
12:52 of 3rd period - Nicklas Backstrom wins face-off versus David Backes in Stars zone.
13:21 of 3rd period - Icing by Anton Stralman.
13:22 of 3rd period - John Mitchell wins face-off versus Nicklas Backstrom in Predators zone.
13:44 of 3rd period - Icing by Zdeno Chara.
13:45 of 3rd period - Derick Brassard wins face-off versus John Mitchell in Stars zone.
14:05 of 3rd period - Shot by Derick Brassard.
14:05 of 3rd period - Stopped by Ben Bishop without a rebound.
14:06 of 3rd period - J.T. Miller wins face-off versus Tyler Seguin in Stars zone.
14:07 of 3rd period - Shot by Kevin Hayes.
14:07 of 3rd period - Shot Hit the Post.
14:28 of 3rd period - Icing by Olli Maatta.
14:29 of 3rd period - Eric Staal wins face-off versus Nicklas Backstrom in Stars zone.
14:31 of 3rd period - Icing by Olli Maatta.
14:32 of 3rd period - Max Pacioretty wins face-off versus Eric Staal in Stars zone.
14:37 of 3rd period - Shot by Nicklas Backstrom.
14:37 of 3rd period - Shot Blocked by Olli Maatta.
14:43 of 3rd period - Shot by Jaden Schwartz.
14:43 of 3rd period - Shot Blocked by Mark Stuart.
14:57 of 3rd period - Shot by Nicklas Backstrom.
14:57 of 3rd period - Shot Misses the Net.
14:59 of 3rd period - Shot by Klas Dahlbeck.
14:59 of 3rd period - Shot Misses the Net.
15:04 of 3rd period - Nicklas Backstrom is hit by Mark Stuart and loses puck.
15:15 of 3rd period - Shot by Jaden Schwartz.
15:15 of 3rd period - Shot Blocked by Mark Stuart.
15:22 of 3rd period - Icing by Olli Maatta.
15:23 of 3rd period - Derick Brassard wins face-off versus Tyler Seguin in Stars zone.
16:26 of 3rd period - Shot by Nikita Kucherov.
16:26 of 3rd period - Shot Misses the Net.
16:33 of 3rd period - Icing by Oscar Klefbom.
16:34 of 3rd period - John Mitchell wins face-off versus Derick Brassard in Predators zone.
16:43 of 3rd period - Vyacheslav Voynov is hit by T.J. Oshie and loses puck.
17:25 of 3rd period - T.J. Oshie is hit by Brad Malone and loses puck.
17:44 of 3rd period - Shot by Max Pacioretty.
17:44 of 3rd period - Shot Misses the Net.
17:46 of 3rd period - Shot by Max Pacioretty.
17:46 of 3rd period - Goal by Max Pacioretty - Predators : 2 - Stars : 1.
17:47 of 3rd period - David Backes wins face-off versus J.T. Miller in neutral zone.
18:30 of 3rd period - Shot by Ryan Callahan.
18:30 of 3rd period - Shot Misses the Net.
18:37 of 3rd period - Icing by Olli Maatta.
18:38 of 3rd period - David Backes wins face-off versus Nicklas Backstrom in Stars zone.
18:45 of 3rd period - Shot by Jaden Schwartz.
18:45 of 3rd period - Stopped by Ben Bishop with a rebound.
18:57 of 3rd period - Shot by Jaden Schwartz.
18:57 of 3rd period - Shot Misses the Net.
18:59 of 3rd period - Shot by Nicklas Backstrom.
18:59 of 3rd period - Stopped by Ben Bishop without a rebound.
19:00 of 3rd period - Nicklas Backstrom wins face-off versus Eric Staal in Stars zone.
19:07 of 3rd period - Shot by Nicklas Backstrom.
19:07 of 3rd period - Goal by Nicklas Backstrom - Predators : 3 - Stars : 1.
19:08 of 3rd period - Nicklas Backstrom wins face-off versus Eric Staal in neutral zone.
Goals for this period are 2 for Predators vs 0 for Stars.
Shots for this period are 9 for Predators vs 3 for Stars.